[Event "V Open RGCC 2019"]
[Site "Gijon"]
[Date "2019.07.22"]
[Round "1.1"]
[White "Blazquez Lopez, Berna"]
[Black "Grigoryan, Karen H."]
[Result "0-1"]
[ECO "A40"]
[WhiteElo "2154"]
[BlackElo "2549"]
[Annotator "ChessBase"]
[PlyCount "88"]
[EventDate "2019.07.22"]
[EventType "swiss"]
[EventCountry "ESP"]
[SourceTitle "playchess.com"]
[Source "ChessBase"]
[SourceQuality "1"]
[TimeControl "5400+30"]

1. d4 g6 2. Nf3 Bg7 3. e4 d6 4. Bc4 e6 5. O-O Ne7 6. a4 O-O 7. c3 Nd7 8. Qe2 c5 9. Bf4 d5 10. exd5 exd5 11. Re1 dxc4 12. Qxe7 Qxe7 13. Rxe7 Nb6 14. Re1 Bd7 15. a5 Na4 16. Ra2 cxd4 17. Nxd4 Nc5 18. Be3 Nd3 19. Rd1 f5 20. g3 f4 21. gxf4 Bg4 22. Rd2 Bxd4 23. cxd4 Ne1 24. Kf1 Nf3 25. Rc2 Bf5 26. Rc1 Nxh2+ 27. Kg2 Ng4 28. Nd2 Be6 29. Nxc4 g5 30. fxg5 Bd5+ 31. Kg1 Rf3 32. b3 Raf8 33. Rc3 Rh3 34. Kf1 Bxc4+ 35. bxc4 Rxe3 36. Rcc2 Re4 37. Rcb2 Ne3+ 38. Kg1 Rg4+ 39. Kh2 Nf1+ 40. Kh3 Rxg5 41. Rxb7 Rf6 42. Rb8+ Kg7 43. Rb7+ Kh6 44. Rb3 Rfg6 0-1

[Event "V Open RGCC 2019"]
[Site "Gijon"]
[Date "2019.07.22"]
[Round "1.7"]
[White "Perez Ordonez, Jose Ramon"]
[Black "Gascon Del Nogal, Jose Rafael"]
[Result "0-1"]
[ECO "A50"]
[WhiteElo "2142"]
[BlackElo "2466"]
[Annotator "ChessBase"]
[PlyCount "76"]
[EventDate "2019.07.22"]
[EventType "swiss"]
[EventCountry "ESP"]
[SourceTitle "playchess.com"]
[Source "ChessBase"]
[SourceQuality "1"]
[TimeControl "5400+30"]

1. d4 Nf6 2. c4 b6 3. Nf3 Bb7 4. g3 c5 5. d5 b5 6. Bg2 bxc4 7. Nc3 g6 8. O-O d6 9. Nd2 Bg7 10. Re1 O-O 11. Nxc4 a5 12. e4 Ba6 13. Qb3 Nbd7 14. a4 Ng4 15. h3 Nge5 16. Nb5 Nxc4 17. Qxc4 Qb8 18. Bf1 Ne5 19. Qb3 Rc8 20. Bc4 Qb7 21. Bd2 Nxc4 22. Qxc4 Rcb8 23. Bxa5 Bxb5 24. axb5 Bxb2 25. Ra2 Qxb5 26. Qxb5 Rxb5 27. Rb1 Raxa5 28. Raxb2 Rxb2 29. Rxb2 Ra4 30. f3 f5 31. e5 Rd4 32. Rb8+ Kf7 33. e6+ Kg7 34. Re8 Rxd5 35. Rxe7+ Kf6 36. Rxh7 Kxe6 37. h4 Rd2 38. Rh6 c4 0-1

[Event "V Open RGCC 2019"]
[Site "Gijon"]
[Date "2019.07.23"]
[Round "2.1"]
[White "Grigoryan, Karen H."]
[Black "Vinuela Diaz, Saul"]
[Result "1-0"]
[ECO "B24"]
[WhiteElo "2549"]
[BlackElo "2280"]
[Annotator "ChessBase"]
[PlyCount "93"]
[EventDate "2019.07.22"]
[EventType "swiss"]
[EventCountry "ESP"]
[SourceTitle "playchess.com"]
[Source "ChessBase"]
[SourceQuality "1"]
[TimeControl "5400+30"]

1. e4 c5 2. Nc3 Nc6 3. Bb5 Nd4 4. Bc4 e6 5. Nf3 a6 6. Nxd4 cxd4 7. Ne2 b5 8. Bd3 e5 9. c3 dxc3 10. dxc3 d5 11. O-O Bb7 12. Ng3 Nf6 13. Qe2 Bd6 14. Rd1 dxe4 15. Bxe4 Nxe4 16. Nxe4 Bxe4 17. Qxe4 O-O 18. a4 bxa4 19. Rxa4 Qb6 20. b4 Rac8 21. Be3 Qc6 22. Qxc6 Rxc6 23. c4 Rb8 24. b5 axb5 25. cxb5 Rxb5 26. Ra8+ Bf8 27. g4 f5 28. Rdd8 Rf6 29. Bg5 Rbb6 30. Bxf6 Rxf6 31. g5 Rf7 32. f3 g6 33. Re8 e4 34. f4 Kg7 35. Kg2 Kg8 36. Kg3 Kg7 37. h4 Kg8 38. h5 gxh5 39. Kh4 Kg7 40. Kxh5 e3 41. Rxe3 Rc7 42. Ree8 Rc1 43. Ra7+ Kg8 44. g6 hxg6+ 45. Kxg6 Rc6+ 46. Kxf5 Rc5+ 47. Ke4 1-0

[Event "V Open RGCC 2019"]
[Site "Gijon"]
[Date "2019.07.23"]
[Round "2.2"]
[White "Ortiz Suarez, Isan Reynaldo"]
[Black "Prieto Aranguren, Alain"]
[Result "1-0"]
[ECO "E67"]
[WhiteElo "2533"]
[BlackElo "2272"]
[Annotator "RC"]
[PlyCount "71"]
[EventDate "2019.07.22"]
[EventType "swiss"]
[EventCountry "ESP"]
[SourceTitle "playchess.com"]
[Source "ChessBase"]
[SourceQuality "1"]
[TimeControl "5400+30"]

1. Nf3 Nf6 2. c4 g6 3. g3 Bg7 4. Bg2 O-O 5. d4 d6 6. O-O Nbd7 7. Nc3 e5 8. Qc2 exd4 9. Nxd4 Nb6 10. Rd1 Nxc4 11. Ncb5 a6 12. Qxc4 axb5 13. Nxb5 Ne8 14. Qc2 Bf5 15. e4 Bd7 16. Nc3 Bc6 17. Be3 Nf6 18. Bd4 Nd7 19. b4 Bxd4 20. Rxd4 Nb6 21. a4 Re8 22. a5 Nc8 23. b5 Bd7 24. Qb2 c6 25. b6 Re5 26. a6 Rb8 27. a7 Ra8 28. f4 Re8 29. e5 Qxb6 30. Qxb6 Nxb6 31. Ne4 Red8 32. Nxd6 c5 33. Rdd1 Bc6 34. Bxc6 bxc6 35. Rdb1 Nd5 36. Rb7 1-0

[Event "V Open RGCC 2019"]
[Site "Gijon"]
[Date "2019.07.23"]
[Round "2.3"]
[White "Gomez Dieguez, David"]
[Black "Rios, Cristhian Camilo"]
[Result "0-1"]
[ECO "B90"]
[WhiteElo "2282"]
[BlackElo "2520"]
[Annotator "ChessBase"]
[PlyCount "88"]
[EventDate "2019.07.22"]
[EventType "swiss"]
[EventCountry "ESP"]
[SourceTitle "playchess.com"]
[Source "ChessBase"]
[SourceQuality "1"]
[TimeControl "5400+30"]

1. e4 c5 2. Nf3 d6 3. d4 cxd4 4. Nxd4 Nf6 5. Nc3 a6 6. h3 e6 7. g4 h6 8. Bg2 Nc6 9. Nxc6 bxc6 10. e5 Nd5 11. exd6 Bxd6 12. Ne4 Be5 13. c4 Nf4 14. Bxf4 Bxf4 15. Qf3 Qc7 16. Nd6+ Ke7 17. Qxf4 Qxd6 18. Qxd6+ Kxd6 19. O-O-O+ Kc7 20. c5 Bd7 21. Rd6 Rhb8 22. Rhd1 Be8 23. Bf1 a5 24. a3 a4 25. R6d4 Ra5 26. Kb1 e5 27. Rb4 Rba8 28. Rc1 Rd8 29. f4 exf4 30. Rxf4 f6 31. Re1 Bg6+ 32. Ka2 Bc2 33. Re7+ Rd7 34. Rxd7+ Kxd7 35. Rd4+ Kc7 36. Bc4 Rxc5 37. Be6 Re5 38. Rd7+ Kb6 39. Bg8 Re3 40. b4 axb3+ 41. Kb2 Rxh3 42. Rxg7 Rg3 43. Be6 Rg2 44. Bxb3 Bd1+ 0-1

[Event "V Open RGCC 2019"]
[Site "Gijon"]
[Date "2019.07.23"]
[Round "2.4"]
[White "Forgas Moreno, Yaniela"]
[Black "Larino Nieto, David"]
[Result "0-1"]
[ECO "C55"]
[WhiteElo "2272"]
[BlackElo "2471"]
[Annotator "ChessBase"]
[PlyCount "108"]
[EventDate "2019.07.22"]
[EventType "swiss"]
[EventCountry "ESP"]
[SourceTitle "playchess.com"]
[Source "ChessBase"]
[SourceQuality "1"]
[TimeControl "5400+30"]

1. e4 e5 2. Nf3 Nc6 3. Bc4 Nf6 4. d3 h6 5. c3 d6 6. O-O g5 7. Nbd2 Bg7 8. Bb3 Nh5 9. Nc4 Nf4 10. Ne3 g4 11. Ne1 h5 12. Nd5 Nxd5 13. exd5 Ne7 14. f4 O-O 15. Nc2 Bd7 16. fxe5 dxe5 17. Bg5 Kh7 18. d6 cxd6 19. Rxf7 Rxf7 20. Bxf7 Qb6+ 21. Be3 Qxb2 22. Rb1 Qxc3 23. Rxb7 Ba4 24. Rxe7 Bxc2 25. Qc1 Qxd3 26. Bh6 Qd4+ 27. Kh1 Qd1+ 28. Qxd1 Bxd1 29. Bxg7 Kxg7 30. Bd5+ Kf8 31. Rh7 Rd8 32. Rh8+ Ke7 33. Rxh5 Bc2 34. Rg5 Rb8 35. h4 gxh3 36. gxh3 Kf6 37. Rg2 Bf5 38. Rf2 Rb4 39. Kg2 e4 40. Bc6 Ke5 41. Rd2 Be6 42. h4 Rb6 43. Ba4 d5 44. Bb3 e3 45. Rd3 d4 46. Bxe6 Rxe6 47. Kf1 Ke4 48. Ra3 a6 49. Ke2 Rb6 50. Ra4 Rb2+ 51. Ke1 Kf3 52. Rxd4 Rb1+ 53. Rd1 Rxd1+ 54. Kxd1 Kf2 0-1

[Event "V Open RGCC 2019"]
[Site "Gijon"]
[Date "2019.07.23"]
[Round "2.5"]
[White "Gascon Del Nogal, Jose Rafael"]
[Black "Laiz Ibanez, Hector"]
[Result "0-1"]
[ECO "A46"]
[WhiteElo "2466"]
[BlackElo "2268"]
[Annotator "ChessBase"]
[PlyCount "64"]
[EventDate "2019.07.22"]
[EventType "swiss"]
[EventCountry "ESP"]
[SourceTitle "playchess.com"]
[Source "ChessBase"]
[SourceQuality "1"]
[TimeControl "5400+30"]

1. d4 Nf6 2. Nf3 e6 3. e3 d5 4. c4 a6 5. b3 b6 6. Bd3 Bb7 7. O-O Nbd7 8. Bb2 Bd6 9. Nc3 O-O 10. Rc1 Qe7 11. Na4 dxc4 12. bxc4 c5 13. Ne5 Rfd8 14. Qc2 h6 15. f4 Rac8 16. Qb3 Bxe5 17. dxe5 Ng4 18. Be2 Qh4 19. Bxg4 Qxg4 20. Qc2 b5 21. Nc3 Nb6 22. cxb5 Nc4 23. h3 Qg3 24. Qf2 Qg6 25. bxa6 Ba8 26. f5 exf5 27. Rc2 Rd3 28. Nd1 Rcd8 29. Bc1 Rxd1 30. Rxc4 Rxf1+ 31. Kxf1 Qxa6 32. Qe2 Be4 0-1

[Event "V Open RGCC 2019"]
[Site "Gijon"]
[Date "2019.07.23"]
[Round "2.6"]
[White "Rego, Pedro Filipe"]
[Black "Del Rio De Angelis, Salvador G."]
[Result "1/2-1/2"]
[ECO "B20"]
[WhiteElo "2249"]
[BlackElo "2464"]
[Annotator "ChessBase"]
[PlyCount "49"]
[EventDate "2019.07.22"]
[EventType "swiss"]
[EventCountry "ESP"]
[SourceTitle "playchess.com"]
[Source "ChessBase"]
[SourceQuality "1"]
[TimeControl "5400+30"]

1. e4 c5 2. c4 g6 3. Nc3 Bg7 4. g3 Nc6 5. Bg2 e6 6. Nge2 Nge7 7. d3 a6 8. O-O Rb8 9. Be3 Nd4 10. Rb1 b5 11. b4 Nxe2+ 12. Nxe2 cxb4 13. Rxb4 O-O 14. cxb5 axb5 15. a4 Ba6 16. axb5 Bxb5 17. Bg5 h6 18. Bf4 e5 19. Be3 Ba6 20. Rxb8 Qxb8 21. Qd2 Kh7 22. Ra1 Qd6 23. Qa5 Bxd3 24. Rd1 Qa6 25. Ra1 1/2-1/2

[Event "V Open RGCC 2019"]
[Site "Gijon"]
[Date "2019.07.24"]
[Round "3.3"]
[White "Rios, Cristhian Camilo"]
[Black "Panelo, Marcelo"]
[Result "1/2-1/2"]
[ECO "D35"]
[WhiteElo "2520"]
[BlackElo "2360"]
[Annotator "ChessBase"]
[PlyCount "48"]
[EventDate "2019.07.22"]
[EventType "swiss"]
[EventCountry "ESP"]
[SourceTitle "playchess.com"]
[Source "ChessBase"]
[SourceQuality "1"]
[TimeControl "5400+30"]

1. c4 e6 2. Nc3 d5 3. d4 Nf6 4. cxd5 exd5 5. Bg5 Bb4 6. Rc1 h6 7. Bh4 Nbd7 8. Nf3 c5 9. dxc5 Qa5 10. a3 Bxc3+ 11. Rxc3 Ne4 12. b4 Nxc3 13. Qa1 Qa4 14. Qxc3 O-O 15. e3 a5 16. b5 Nxc5 17. Qxc5 Bf5 18. Qc3 Rfc8 19. Qa1 Rc2 20. Nd4 Rac8 21. Nxc2 Rxc2 22. Bg3 d4 23. exd4 Qb3 24. Be2 Bd3 1/2-1/2

[Event "V Open RGCC 2019"]
[Site "Gijon"]
[Date "2019.07.25"]
[Round "4.1"]
[White "Grigoryan, Karen H."]
[Black "Tejedor Fuente, Enrique"]
[Result "1/2-1/2"]
[ECO "B12"]
[WhiteElo "2549"]
[BlackElo "2442"]
[Annotator "ChessBase"]
[PlyCount "96"]
[EventDate "2019.07.22"]
[EventType "swiss"]
[EventCountry "ESP"]
[SourceTitle "playchess.com"]
[Source "ChessBase"]
[SourceQuality "1"]
[TimeControl "5400+30"]

1. e4 c6 2. d4 d5 3. e5 Bf5 4. Nc3 e6 5. g4 Bg6 6. Nge2 h6 7. Bg2 Qh4 8. Nf4 Bh7 9. a3 Nd7 10. Qe2 O-O-O 11. Na4 g5 12. Nh5 Bg6 13. Ng3 f6 14. b4 fxe5 15. dxe5 Bg7 16. Bb2 Ne7 17. Bd4 Rhf8 18. Nc5 Bf7 19. b5 cxb5 20. Qxb5 Nxc5 21. Bxc5 Rd7 22. Qa4 Nc6 23. O-O Re8 24. Bxa7 Bxe5 25. Rab1 h5 26. Bb6 hxg4 27. Rfe1 Bb8 28. c4 Rh8 29. cxd5 exd5 30. Rbc1 Qxh2+ 31. Kf1 Qh6 32. Nf5 Qf6 33. Nd4 Rh6 34. Nxc6 bxc6 35. Bd4 Qd6 36. Be5 Qxe5 37. Rxe5 Bxe5 38. Rxc6+ Rxc6 39. Qxc6+ Kd8 40. Qh6 Bf4 41. Qb6+ Rc7 42. a4 Kc8 43. a5 Rc1+ 44. Ke2 Rc2+ 45. Kd1 Rc1+ 46. Ke2 Rc2+ 47. Kd1 Rc1+ 48. Ke2 Rc2+ 1/2-1/2

[Event "V Open RGCC 2019"]
[Site "Gijon"]
[Date "2019.07.25"]
[Round "4.2"]
[White "Quispe Arteaga, Gabriel"]
[Black "Larino Nieto, David"]
[Result "1-0"]
[ECO "A04"]
[WhiteElo "2382"]
[BlackElo "2471"]
[Annotator "ChessBase"]
[PlyCount "103"]
[EventDate "2019.07.22"]
[EventType "swiss"]
[EventCountry "ESP"]
[SourceTitle "playchess.com"]
[Source "ChessBase"]
[SourceQuality "1"]
[TimeControl "5400+30"]

1. Nf3 e6 2. g3 c5 3. Bg2 Nc6 4. O-O Nf6 5. d4 d5 6. b3 cxd4 7. Nxd4 Bc5 8. Bb2 O-O 9. Nxc6 bxc6 10. Nc3 Ba6 11. Na4 Bd6 12. Rc1 Bb5 13. Nc3 Be5 14. Ba1 Ba6 15. Na4 Bxa1 16. Rxa1 Qe7 17. Re1 Rac8 18. Qd2 Qa3 19. Qc1 Qb4 20. Qf4 c5 21. c3 Qxf4 22. gxf4 Bb5 23. Nb2 a5 24. c4 dxc4 25. bxc4 Ba6 26. Rec1 Rfd8 27. Rc2 Nd7 28. Na4 Kf8 29. Rd1 Ke7 30. Rd3 Rb8 31. Bc6 Rb1+ 32. Kg2 Nb8 33. Rxd8 Kxd8 34. Nxc5 Nxc6 35. Nxa6 Kc8 36. e3 h5 37. Nc5 Nb4 38. Rd2 Rc1 39. Nb3 Rxc4 40. Nxa5 Rc3 41. Nb3 Nd3 42. Nd4 g5 43. fxg5 e5 44. Ne2 Ra3 45. Rc2+ Kd7 46. Rc3 Ne1+ 47. Kf1 Rxc3 48. Nxc3 Nf3 49. Ne4 Ke6 50. Kg2 Ne1+ 51. Kg3 Kf5 52. Nd2 1-0

[Event "V Open RGCC 2019"]
[Site "Gijon"]
[Date "2019.07.25"]
[Round "4.3"]
[White "Cruz, Cristhian"]
[Black "Bobadilla Viera, Jorge Samuel"]
[Result "1-0"]
[ECO "D38"]
[WhiteElo "2562"]
[BlackElo "2381"]
[Annotator "ChessBase"]
[PlyCount "81"]
[EventDate "2019.07.22"]
[EventType "swiss"]
[EventCountry "ESP"]
[SourceTitle "playchess.com"]
[Source "ChessBase"]
[SourceQuality "1"]
[TimeControl "5400+30"]

1. d4 Nf6 2. c4 e6 3. Nf3 d5 4. Nc3 Bb4 5. Bg5 Nbd7 6. e3 c5 7. cxd5 exd5 8. dxc5 Qa5 9. Rc1 O-O 10. a3 Bxc3+ 11. Rxc3 Ne4 12. b4 Nxc3 13. Qa1 Qa4 14. Qxc3 a5 15. b5 h6 16. Bf4 Nf6 17. Bd3 Ne4 18. Bxe4 dxe4 19. Nd4 Bd7 20. c6 Rac8 21. c7 Bxb5 22. Nf5 f6 23. Ne7+ Kf7 24. Nxc8 Rxc8 25. f3 exf3 26. gxf3 Qc4 27. Qxc4+ Bxc4 28. Kd2 Bd5 29. e4 Bc6 30. Ke3 Ke7 31. Kd4 Kd7 32. h4 Re8 33. h5 Re7 34. Rd1 Kc8 35. Kc5 Rd7 36. Bd6 Ba4 37. Rd4 Bb3 38. f4 a4 39. e5 f5 40. Kb6 Rf7 41. Be7 1-0

[Event "V Open RGCC 2019"]
[Site "Gijon"]
[Date "2019.07.25"]
[Round "4.4"]
[White "Panelo, Marcelo"]
[Black "Martinez Duany, Lelys Stanley"]
[Result "1/2-1/2"]
[ECO "A88"]
[WhiteElo "2360"]
[BlackElo "2535"]
[Annotator "ChessBase"]
[PlyCount "101"]
[EventDate "2019.07.22"]
[EventType "swiss"]
[EventCountry "ESP"]
[SourceTitle "playchess.com"]
[Source "ChessBase"]
[SourceQuality "1"]
[TimeControl "5400+30"]

1. d4 g6 2. c4 Bg7 3. Nf3 f5 4. Nc3 Nf6 5. g3 O-O 6. Bg2 d6 7. O-O c6 8. b3 Qc7 9. Ba3 a5 10. Qd2 Na6 11. Rac1 Nb4 12. d5 Bd7 13. Nd4 cxd5 14. Bxb4 axb4 15. Nxd5 Nxd5 16. cxd5 Qa5 17. Rc4 Qxa2 18. Qxb4 Bxd4 19. Rxd4 b5 20. Rd3 Qb2 21. Re3 Qf6 22. f4 Rfc8 23. Bf3 Kf8 24. Kg2 Ra2 25. Rd1 Ra1 26. Rxa1 Qxa1 27. h4 Kf7 28. Kh2 Rc2 29. Kg2 h5 30. Rd3 Rc1 31. Qd4 Qxd4 32. Rxd4 Rc3 33. Rd3 Rc1 34. Kf2 Rb1 35. e3 Rb2+ 36. Ke1 b4 37. Bd1 Bc8 38. Rd2 Rxd2 39. Kxd2 Bb7 40. Bf3 Ba6 41. Be2 Bxe2 42. Kxe2 e6 43. Kd2 exd5 44. Kc2 Ke6 45. Kd3 Kd7 46. Kc2 Kc6 47. Kd2 Kb5 48. Ke2 Kc5 49. Kd3 Kb6 50. Kd2 Kc6 51. Kc2 1/2-1/2

[Event "V Open RGCC 2019"]
[Site "Gijon"]
[Date "2019.07.25"]
[Round "4.5"]
[White "Ortiz Suarez, Isan Reynaldo"]
[Black "Garcia Ramos, Daniel"]
[Result "1-0"]
[ECO "A05"]
[WhiteElo "2533"]
[BlackElo "2336"]
[Annotator "ChessBase"]
[PlyCount "55"]
[EventDate "2019.07.22"]
[EventType "swiss"]
[EventCountry "ESP"]
[SourceTitle "playchess.com"]
[Source "ChessBase"]
[SourceQuality "1"]
[TimeControl "5400+30"]

1. Nf3 Nf6 2. c4 c6 3. d4 d5 4. Qc2 e6 5. Bf4 Nbd7 6. e3 Ne4 7. Bd3 f5 8. Nc3 Be7 9. h3 O-O 10. O-O a5 11. Bh2 Bf6 12. Ne2 Qe8 13. Nc1 g5 14. Be2 g4 15. hxg4 fxg4 16. Nd2 Nxd2 17. Qxd2 h5 18. f3 e5 19. fxg4 hxg4 20. cxd5 exd4 21. exd4 Qe4 22. Nb3 a4 23. Bd3 Qxd5 24. Qh6 Rf7 25. Rae1 Nf8 26. Rxf6 Rxf6 27. Qxf6 axb3 28. Re7 1-0

[Event "V Open RGCC 2019"]
[Site "Gijon"]
[Date "2019.07.25"]
[Round "4.6"]
[White "Navrotescu, Catalin"]
[Black "Rios, Cristhian Camilo"]
[Result "1/2-1/2"]
[ECO "A06"]
[WhiteElo "2356"]
[BlackElo "2520"]
[Annotator "ChessBase"]
[PlyCount "71"]
[EventDate "2019.07.22"]
[EventType "swiss"]
[EventCountry "ESP"]
[SourceTitle "playchess.com"]
[Source "ChessBase"]
[SourceQuality "1"]
[TimeControl "5400+30"]

1. Nf3 d5 2. g3 g6 3. Bg2 Bg7 4. d4 Nf6 5. c4 c6 6. Qa4 Nbd7 7. cxd5 Nb6 8. Qb3 Nbxd5 9. O-O Qb6 10. Nbd2 O-O 11. Nc4 Qa6 12. Re1 Nb6 13. Nce5 Be6 14. Qc2 Nfd7 15. Nxd7 Nxd7 16. Bg5 Rfe8 17. e4 Rac8 18. Qd2 c5 19. d5 Bg4 20. h3 Bxf3 21. Bxf3 Ne5 22. Be2 c4 23. Red1 Qa4 24. Qe3 h6 25. Bf4 g5 26. Bxe5 Bxe5 27. b3 Qa3 28. Rac1 c3 29. Rc2 Qc5 30. Qxc5 Rxc5 31. Kg2 Rd8 32. Kf3 Kf8 33. Ke3 Bb8 34. Rdc1 Be5 35. f4 Bg7 36. e5 1/2-1/2

[Event "V Open RGCC 2019"]
[Site "Gijon"]
[Date "2019.07.25"]
[Round "4.7"]
[White "Cederstam Barsk, Carl"]
[Black "Campora, Daniel H."]
[Result "1/2-1/2"]
[ECO "D02"]
[WhiteElo "2325"]
[BlackElo "2420"]
[Annotator "NA"]
[PlyCount "90"]
[EventDate "2019.07.22"]
[EventType "swiss"]
[EventCountry "ESP"]
[SourceTitle "playchess.com"]
[Source "ChessBase"]
[SourceQuality "1"]
[TimeControl "5400+30"]

1. Nf3 d5 2. d4 Nf6 3. c4 g6 4. cxd5 Nxd5 5. e4 Nb6 6. Be2 Bg7 7. O-O O-O 8. a4 a5 9. Be3 Na6 10. Nc3 Bg4 11. d5 Nd7 12. h3 Bxf3 13. Bxf3 c6 14. Qd2 Ndc5 15. Rad1 Qb6 16. dxc6 bxc6 17. e5 Bxe5 18. Ne4 Nxe4 19. Bxb6 Nxd2 20. Rxd2 Rfc8 21. Bxa5 Nc5 22. Bb4 Nxa4 23. Bxe7 Nxb2 24. Rc2 Ra7 25. Bc5 Ra6 26. Rb1 Nd3 27. Be2 Nxc5 28. Rxc5 Ra1 29. Rxa1 Bxa1 30. Bf3 Rb8 31. Bxc6 Rb1+ 32. Kh2 h5 33. h4 Rb4 34. g3 Rb2 35. Kg2 Rd2 36. Ba4 Rxf2+ 37. Kxf2 Bd4+ 38. Kf3 Bxc5 39. Bb3 Kg7 40. Kg2 Bb4 41. Bc4 Be1 42. Kh3 f6 43. Bd3 f5 44. Be2 Kf6 45. Bb5 Bf2 1/2-1/2

[Event "V Open RGCC 2019"]
[Site "Gijon"]
[Date "2019.07.25"]
[Round "5.1"]
[White "Quispe Arteaga, Gabriel"]
[Black "Cruz, Cristhian"]
[Result "1/2-1/2"]
[ECO "A04"]
[WhiteElo "2382"]
[BlackElo "2562"]
[Annotator "ChessBase"]
[PlyCount "68"]
[EventDate "2019.07.22"]
[EventType "swiss"]
[EventCountry "ESP"]
[SourceTitle "playchess.com"]
[Source "ChessBase"]
[SourceQuality "1"]
[TimeControl "5400+30"]

1. Nf3 g6 2. g3 Bg7 3. Bg2 c5 4. O-O Nc6 5. c4 e6 6. Nc3 Nge7 7. e3 O-O 8. d4 cxd4 9. Nxd4 d5 10. cxd5 exd5 11. b3 Nxd4 12. exd4 Be6 13. Bg5 Re8 14. Qf3 Rc8 15. Bxe7 Rxe7 16. Nxd5 Bxd5 17. Qxd5 Rd7 18. Qf3 Rc2 19. Qe4 Rd2 20. Rad1 Rxa2 21. d5 Bf8 22. Ra1 Rxa1 23. Rxa1 a5 24. Rc1 b6 25. Bf3 Bc5 26. Kg2 Kg7 27. Qd3 Qf6 28. h4 h5 29. Re1 Re7 30. Rxe7 Qxe7 31. Qc3+ Qf6 32. Qxf6+ Kxf6 33. Be2 Ke5 34. Bb5 Kxd5 1/2-1/2

[Event "V Open RGCC 2019"]
[Site "Gijon"]
[Date "2019.07.25"]
[Round "5.4"]
[White "Martinez Duany, Lelys Stanley"]
[Black "Cori T., Deysi"]
[Result "1-0"]
[ECO "B46"]
[WhiteElo "2535"]
[BlackElo "2405"]
[Annotator "ChessBase"]
[PlyCount "55"]
[EventDate "2019.07.22"]
[EventType "swiss"]
[EventCountry "ESP"]
[SourceTitle "playchess.com"]
[Source "ChessBase"]
[SourceQuality "1"]
[TimeControl "5400+30"]

1. e4 c5 2. Nf3 e6 3. Nc3 a6 4. d4 cxd4 5. Nxd4 Nc6 6. f4 Qc7 7. Nxc6 Qxc6 8. Be2 Bc5 9. Bf3 d6 10. Qd3 Qb6 11. Rf1 Bd7 12. Bd2 Ne7 13. O-O-O Bd4 14. Rfe1 e5 15. Be3 Nc6 16. Kb1 Rc8 17. Bxd4 Nxd4 18. Nd5 Qa5 19. c3 Bb5 20. Qd2 Bc4 21. b4 Nxf3 22. gxf3 Qd8 23. Ne3 Bb5 24. Nf5 O-O 25. fxe5 dxe5 26. Qg2 Bd3+ 27. Kb2 g6 28. Re3 1-0

[Event "V Open RGCC 2019"]
[Site "Gijon"]
[Date "2019.07.25"]
[Round "5.5"]
[White "Rios, Cristhian Camilo"]
[Black "Domingo Nunez, Ruben"]
[Result "0-1"]
[ECO "E12"]
[WhiteElo "2520"]
[BlackElo "2318"]
[Annotator "ChessBase"]
[PlyCount "82"]
[EventDate "2019.07.22"]
[EventType "swiss"]
[EventCountry "ESP"]
[SourceTitle "playchess.com"]
[Source "ChessBase"]
[SourceQuality "1"]
[TimeControl "5400+30"]

1. d4 Nf6 2. c4 e6 3. Nf3 b6 4. a3 Bb7 5. Nc3 d5 6. cxd5 Nxd5 7. Qc2 Be7 8. e4 Nxc3 9. bxc3 O-O 10. Bd3 c5 11. O-O Qc7 12. Qe2 Nd7 13. a4 Rfd8 14. Bd2 Rac8 15. Rfc1 Nf8 16. a5 c4 17. axb6 axb6 18. Bc2 b5 19. Rab1 Bc6 20. Ne5 Be8 21. f4 Ra8 22. Rf1 Ra2 23. Be3 Qa5 24. Qd2 Ra3 25. Rf3 Qxc3 26. Qf2 Ra2 27. Rc1 Ba3 28. Bd2 Qxd4 29. Be3 Ra1 30. Rf1 Qb2 31. Qe2 Rxf1+ 32. Rxf1 Be7 33. Ng4 Ra8 34. Bc1 Qc3 35. e5 Bc5+ 36. Kh1 Ng6 37. f5 exf5 38. Bxf5 Ra1 39. Qd1 Ba3 40. Qd8 Qxc1 41. Qxe8+ Bf8 0-1

[Event "V Open RGCC 2019"]
[Site "Gijon"]
[Date "2019.07.25"]
[Round "5.6"]
[White "Del Rio De Angelis, Salvador G."]
[Black "Moral Garcia, Serafin"]
[Result "1-0"]
[ECO "E71"]
[WhiteElo "2464"]
[BlackElo "2283"]
[Annotator "ChessBase"]
[PlyCount "129"]
[EventDate "2019.07.22"]
[EventType "swiss"]
[EventCountry "ESP"]
[SourceTitle "playchess.com"]
[Source "ChessBase"]
[SourceQuality "1"]
[TimeControl "5400+30"]

1. d4 Nf6 2. c4 g6 3. Nc3 Bg7 4. e4 d6 5. h3 O-O 6. Be3 e5 7. d5 a5 8. c5 Ne8 9. g4 Na6 10. cxd6 Nxd6 11. Nf3 f5 12. gxf5 gxf5 13. Rg1 f4 14. Bd2 Kh8 15. Qc2 Nc5 16. O-O-O Bf6 17. Nh2 b6 18. Ng4 Qe7 19. f3 Bd7 20. Be1 Bxg4 21. hxg4 Bh4 22. Rh1 Bxe1 23. Rxe1 Rf6 24. Nb5 Rg8 25. b3 Nxb5 26. Bxb5 Nb7 27. Rh5 Nd6 28. Be2 Nf7 29. Kb1 Ng5 30. Rc1 Rg7 31. Qb2 Rgg6 32. Qc3 Rg7 33. Rc2 Rd6 34. Rh1 Qf6 35. Rhc1 Re7 36. Qe1 Qg7 37. Rc4 c5 38. dxc6 Rc7 39. Rd1 Qf6 40. Rd5 Rcxc6 41. Rxc6 Rxc6 42. Qd1 Nf7 43. Bc4 Nd6 44. Qd3 Kg7 45. Bb5 Nxb5 46. Qxb5 Re6 47. Rd7+ Kg6 48. Qd5 h6 49. Kb2 Kg5 50. Qd1 Kg6 51. Qd5 Kg5 52. Rd8 Qe7 53. a3 Rg6 54. Qd1 Kf6 55. Rd5 Qc7 56. Qh1 Kg7 57. Qh5 Re6 58. g5 hxg5 59. Rd2 Rg6 60. Qg4 Rd6 61. Qxg5+ Rg6 62. Qf5 Kh6 63. Qh3+ Kg5 64. Rg2+ Kf6 65. Qf5+ 1-0

[Event "V Open RGCC 2019"]
[Site "Gijon"]
[Date "2019.07.25"]
[Round "5.7"]
[White "Campora, Daniel H."]
[Black "Forgas Moreno, Yaniela"]
[Result "1-0"]
[ECO "B54"]
[WhiteElo "2420"]
[BlackElo "2272"]
[Annotator "NA"]
[PlyCount "115"]
[EventDate "2019.07.22"]
[EventType "swiss"]
[EventCountry "ESP"]
[SourceTitle "playchess.com"]
[Source "ChessBase"]
[SourceQuality "1"]
[TimeControl "5400+30"]

1. e4 c5 2. Nf3 d6 3. d4 cxd4 4. Nxd4 Nf6 5. Bd3 e5 6. Ne2 d5 7. exd5 Qxd5 8. O-O Be7 9. Nbc3 Qa5 10. Ng3 O-O 11. Nf5 Bxf5 12. Bxf5 Nc6 13. Bg5 Rad8 14. Qe1 Nd4 15. Bd3 Kh8 16. Ne4 Qxe1 17. Rfxe1 Nd5 18. c3 Nc6 19. Rad1 Bxg5 20. Nxg5 h6 21. Nf3 Rfe8 22. g3 Nf6 23. Bb5 Rxd1 24. Rxd1 e4 25. Nh4 Rc8 26. Nf5 Ne5 27. Be2 a6 28. Rd6 Kh7 29. h3 Rc6 30. Rxc6 Nxc6 31. Nd6 Nd8 32. Bc4 Kg8 33. b4 Kf8 34. a4 g6 35. a5 Ke7 36. Nc8+ Kd7 37. Nb6+ Kd6 38. Kf1 h5 39. Ke2 Ke5 40. Ke3 g5 41. Bb3 Ne6 42. Nc4+ Kd5 43. Nd2+ Ke5 44. f3 h4 45. fxe4 Ne8 46. Nf3+ Kf6 47. e5+ Kg6 48. gxh4 gxh4 49. Nxh4+ Kh5 50. Nf5 Ng5 51. h4 Ne6 52. Ke4 N8c7 53. Bd1+ Kg6 54. Nd6 Nd8 55. Bg4 f6 56. Bf5+ Kg7 57. Bc8 fxe5 58. Kxe5 1-0

[Event "V Open RGCC 2019"]
[Site "Gijon"]
[Date "2019.07.27"]
[Round "7.1"]
[White "Quispe Arteaga, Gabriel"]
[Black "Grigoryan, Karen H."]
[Result "0-1"]
[ECO "A04"]
[WhiteElo "2382"]
[BlackElo "2549"]
[Annotator "ChessBase"]
[PlyCount "68"]
[EventDate "2019.07.22"]
[EventType "swiss"]
[EventCountry "ESP"]
[SourceTitle "playchess.com"]
[Source "ChessBase"]
[SourceQuality "1"]
[TimeControl "5400+30"]

1. Nf3 g6 2. g3 Bg7 3. Bg2 e5 4. e4 Nc6 5. O-O Nge7 6. c4 d6 7. Nc3 O-O 8. d3 f5 9. exf5 Bxf5 10. h3 Kh8 11. Be3 Qd7 12. Kh2 Nd4 13. Ng5 h6 14. Nge4 c6 15. b4 a5 16. a3 Qd8 17. g4 Bc8 18. b5 Ne6 19. bxc6 bxc6 20. Ng3 d5 21. cxd5 cxd5 22. Qb3 Nf4 23. Bc5 Ba6 24. Rad1 Rb8 25. Qa4 d4 26. Bxe7 Qxe7 27. Nd5 Qd8 28. Nxf4 exf4 29. Ne4 f3 30. Bh1 Be5+ 31. Kg1 Qh4 32. Qxa5 Rb5 33. Qe1 Qxh3 34. Ng3 Bb7 0-1